[Event "*** Titled Tuesday Blitz"]
[Site "Chess.com"]
[Date "2020.11.10"]
[Round "1"]
[White "Artyom_ChessMate"]
[Black "vrekhson"]
[Result "1-0"]
[WhiteElo "2553"]
[BlackElo "2207"]
[TimeControl "180+1"]
[EndTime "10:06:10 PST"]
[Termination "Artyom_ChessMate won by resignation"]

1. e4 c5 2. Nc3 e6 3. g3 d6 4.
Bg2 Nc6 5. d3 Nf6 6. Nge2 Be7 7.
O-O O-O 8. h3 a6 9. g4 Rb8 10. f4 Qc7 11. Ng3 b5 12. g5 Ne8 13.
f5 f6 14. g6 h6 15. Qh5 Bd8 16. Bf4 e5 17. Nd5 Qa7 18. Be3 Nc7 19. c3 Nxd5 20. exd5 Na5 21. b4 Nb7 22. a4 Qb6 23. a5 Qc7 24.
Ne4 Re8 25. Rf3 Be7 26. Rg3 Bf8 27. Bxh6 gxh6 28. Nxf6+ Kg7 29. Nxe8+ 1-0

[Event "*** Titled Tuesday Blitz"]
[Site "Chess.com"]
[Date "2020.11.10"]
[Round "1"]
[White "banane_verte"]
[Black "LiamVrolijk"]
[Result "0-1"]
[WhiteElo "2404"]
[BlackElo "2810"]
[TimeControl "180+1"]
[EndTime "10:06:11 PST"]
[Termination "LiamVrolijk won by checkmate"]

1. e4 c6 2. d4 g6 3. Nc3 Bg7 4. Be3 d5 5. e5 Nh6 6. h3 Nf5 7. Qd2 O-O 8. Bd3 f6 9. Bxf5 Bxf5 10. f4 Na6 11. g4 Bd7 12. Nf3 Nc7 13. O-O-O b5 14.
Rhg1 f5 15. gxf5 Bxf5 16. h4 h5 17. Ne2 Ne6 18. Ng3 Bg4 19. Rdf1 c5 20. c3 Qa5 21. Kb1 Rab8 22. dxc5 b4 23. cxb4 Rxb4 24. a3 Qxa3 25. Rg2 Qb3 26. Rff2 Nxf4 27. Bxf4 Rfxf4 28. Ng5 Rfd4 29. Rf8+ Bxf8 30. Qf2 Rd1# 0-1

[Event "*** Titled Tuesday Blitz"]
[Site "Chess.com"]
[Date "2020.11.10"]
[Round "1"]
[White "DenishevM"]
[Black "Kaua18"]
[Result "1-0"]
[WhiteElo "2613"]
[BlackElo "2296"]
[TimeControl "180+1"]
[EndTime "10:06:12 PST"]
[Termination "DenishevM won by resignation"]

1. d4 f6 2. e4 e6 3. Nc3 Bb4 4. Nf3 Ne7 5. Bd3 O-O 6. O-O b6 7. Ne2 Ng6 8. c3 Be7 9. Ng3 Bb7 10. Re1 d5 11. exd5 exd5 12. h4 Bd6 13. h5 Nf4 14.
Bxf4 Bxf4 15. Qc2 h6 16. Nh4 Bxg3 17. Bh7+ Kh8 18. Ng6+ Kxh7 19. Nxf8+ Kg8 20. Qh7+ Kf7 21. fxg3 Bc8 22. Ne6 Bxe6 23. Qg6+ Kf8 24. Rxe6 Qd7 25. Rae1 Nc6 26. b4 b5 27. Qh7 Kf7 28. Rxf6+ 1-0

[Event "*** Titled Tuesday Blitz"]
[Site "Chess.com"]
[Date "2020.11.10"]
[Round "1"]
[White "AvitalBor"]
[Black "KatarinaOstojic"]
[Result "1-0"]
[WhiteElo "2677"]
[BlackElo "2344"]
[TimeControl "180+1"]
[EndTime "10:06:14 PST"]
[Termination "AvitalBor won by checkmate"]

1. e4 c5 2. c3 d5 3. exd5 Qxd5 4.
d4 Nf6 5. Nf3 e6 6. Bd3 Be7 7. O-O O-O 8. Be3 cxd4 9. cxd4 Nc6 10. Nc3 Qd8 11. a3 b6 12. Qe2 Bb7 13. Rad1 Rc8 14.
Bb1 Nd5 15. Qd3 g6 16. Bh6 Re8 17. Ne4 Bf8 18. Qd2 f5 19. Ng3 Qe7 20. Rfe1 Bg7 21. Bxg7 Qxg7 22. Ba2 Rcd8 23. Ng5 e5 24. dxe5 Nxe5 25.
f4 Nf7 26. Rxe8+ Rxe8 27. Bxd5 Bxd5 28. Qxd5 Re7 29. Nxf7 Rxf7 30. Qd4 Qh6 31. Rc1 Rf8 32.
Qd5+ Kh8 33. Qe5+ Kg8 34. Ne2 Rd8 35. Qe6+ Kf8 36. Qf6+ Ke8 37. Nd4 Qxf4 38. Re1+ Kd7 39. Qc6# 1-0

[Event "*** Titled Tuesday Blitz"]
[Site "Chess.com"]
[Date "2020.11.10"]
[Round "1"]
[White "profofchess"]
[Black "kirillshevchenko"]
[Result "0-1"]
[WhiteElo "2442"]
[BlackElo "2874"]
[TimeControl "180+1"]
[EndTime "10:06:16 PST"]
[Termination "kirillshevchenko won by resignation"]

1. e4 e5 2. Nf3 d6 3. Nc3 Nf6 4.
Bc4 Be7 5. h3 O-O 6. O-O c5 7.
d3 Nc6 8. a3 Be6 9. Nd5 a6 10.
Qe2 b5 11. Ba2 h6 12. c3 Re8 13. Nxe7+ Qxe7 14. Bxe6 Qxe6 15. Be3 c4 16. Nd2 cxd3 17. Qxd3 Red8 18. c4 bxc4 19. Qxc4 Qxc4 20. Nxc4 Nxe4 21. Rac1 Ne7 22. f4 f6 23. fxe5 dxe5 24. Rfe1 Nd5 25.
Bxh6 Nc5 26. Bd2 Nd3 27. Re2 Nxc1 28. Bxc1 Rac8 29. b3 Nb6 30. Nxb6 Rxc1+ 31. Kh2 Rd3 32. Rb2 Rcc3 0-1

[Event "*** Titled Tuesday Blitz"]
[Site "Chess.com"]
[Date "2020.11.10"]
[Round "1"]
[White "MoreChessJulia"]
[Black "m_ezat"]
[Result "1-0"]
[WhiteElo "2091"]
[BlackElo "2493"]
[TimeControl "180+1"]
[EndTime "10:06:16 PST"]
[Termination "MoreChessJulia won by checkmate"]

1. d4 Nf6 2. c4 g6 3. f3 Bg7 4.
e4 d6 5. Nc3 O-O 6. Bg5 Nc6 7.
Nge2 a6 8. Qd2 Rb8 9. Bh6 b5 10.
cxb5 axb5 11. a3 Na5 12. Bxg7 Kxg7 13. Nc1 c6 14. b4 Nc4 15. Bxc4 bxc4 16. d5 cxd5 17.
Nxd5 e6 18. Nc3 d5 19. e5 Nh5 20. O-O f5 21. g4 fxg4 22. fxg4 Rxf1+ 23. Kxf1 Qf8+ 24. Kg1 Nf4 25. N1e2 Nh3+ 26. Kg2 d4 27. Nxd4 Nf4+ 28. Kg3 g5 29. Rf1 Qe7 30. h4 h6 31. hxg5 hxg5 32.
Ne4 Bb7 33. Nd6 Rh8 34. N4f5+ Kg6 35. Nxe7+ Kg7 36. Rxf4 gxf4+ 37. Qxf4 Rf8 38. Qg5+ Kh7 39. Qg6+ Kh8 40. Qh6# 1-0

[Event "*** Titled Tuesday Blitz"]
[Site "Chess.com"]
[Date "2020.11.10"]
[Round "1"]
[White "sorito"]
[Black "SantoBlue"]
[Result "0-1"]
[WhiteElo "2456"]
[BlackElo "2910"]
[TimeControl "180+1"]
[EndTime "10:06:17 PST"]
[Termination "SantoBlue won on time"]

1. Nf3 d6 2. g3 g6 3. Bg2 Bg7 4. O-O Nf6 5. d3 e5 6. Nbd2 Nc6 7. a3 O-O 8. e4 h6 9. b4 a5 10. b5 Nb8 11. Bb2 Nbd7 12. Re1 Nc5 13. a4 Re8 14. h3 Nfd7 15. Nf1 Nb6 16. c3 c6 17. bxc6 bxc6 18.
Qc2 Rb8 19. Bc1 Be6 20. d4 exd4 21. cxd4 Nb3 22. Ra3 Nxd4 23. Nxd4 Bxd4 24. Bxh6 Nc4 25. Ra2 Qf6 26. Bf4 g5 27. Bc1 Ne5 28. Ra3 g4 29.
hxg4 Bxg4 30. Be3 Rb2 31. Qc1 Bxe3 32. Qxe3 Nc4 33. e5 dxe5 0-1

[Event "*** Titled Tuesday Blitz"]
[Site "Chess.com"]
[Date "2020.11.10"]
[Round "1"]
[White "NotFischer"]
[Black "Pavlov_Sergey"]
[Result "0-1"]
[WhiteElo "2262"]
[BlackElo "2584"]
[TimeControl "180+1"]
[EndTime "10:06:18 PST"]
[Termination "Pavlov_Sergey won by resignation"]

1. d4 Nf6 2. Bf4 c5 3. d5 Qb6 4.
Nc3 Qxb2 5. Bd2 Qb6 6. e4 d6 7.
Rb1 Qc7 8. f4 g6 9. Bc4 Bg7 10.
Nf3 O-O 11. O-O a6 12. a4 Bg4 13. Qe1 Bxf3 14. Rxf3 Nbd7 15. Qh4 Rab8 16. Rh3 Rfe8 17. f5 Ne5 18. Be2 b5 19. axb5 axb5 20. Bg5 b4 21.
Bxf6 exf6 22. Qxh7+ Kf8 23. Nd1 c4 24. Ne3 b3 25. cxb3 Rxb3 26. Rf1 Qc5 27. fxg6 Rxe3 28. Kh1 Rxh3 29. Qxh3 fxg6 30. Qg3 c3 0-1

[Event "*** Titled Tuesday Blitz"]
[Site "Chess.com"]
[Date "2020.11.10"]
[Round "1"]
[White "RaunakSadhwani2005"]
[Black "adriangschnitzer"]
[Result "1-0"]
[WhiteElo "2987"]
[BlackElo "2467"]
[TimeControl "180+1"]
[EndTime "10:06:19 PST"]
[Termination "RaunakSadhwani2005 won by resignation"]

1. c4 Nf6 2. Nc3 c5 3. g3 d5 4. cxd5 Nxd5 5. Bg2 Nc7 6. Nf3 Nc6 7. O-O e5 8. b3 Be7 9. Bb2 f6 10. Rc1 O-O 11. Na4 Ne6 12. e3 Bd7 13. d4 cxd4 14. exd4 exd4 15. Re1 b5 16. Nxd4 Nexd4 17. Bxd4 Ba3 18.
Bb2 Bxb2 19. Nxb2 Rc8 20. Qd5+ Kh8 21. Qxb5 Nd4 22. Qd3 Rxc1 23. Rxc1 Bb5 24. Nc4 Re8 25. Rd1 Ne6 26. Qxd8 Nxd8 27. Nd6 Be2 28. Re1 Re6 29. Nc8 a5 30. Bh3 Bg4 31. Rxe6 Bxe6 32. Bxe6 Nxe6 33.
Nd6 Nc5 34. Nc4 a4 35. b4 Nd3 36. b5 Nc5 37. b6 Nb7 38. Nb2 Nc5 39. Nxa4 1-0

[Event "*** Titled Tuesday Blitz"]
[Site "Chess.com"]
[Date "2020.11.10"]
[Round "1"]
[White "BilodeauA"]
[Black "alejanchess73"]
[Result "1-0"]
[WhiteElo "2912"]
[BlackElo "2457"]
[TimeControl "180+1"]
[EndTime "10:06:19 PST"]
[Termination "BilodeauA won on time"]

1. d4 e6 2. e4 d5 3. Nd2 Nf6 4. e5 Nfd7 5. f4 c5 6. c3 Nc6 7. Ndf3 Qb6 8. h4 f6 9. Bd3 cxd4 10. cxd4 Bb4+ 11. Kf1 f5 12. Ne2 O-O 13. h5 h6 14.
a3 Be7 15. b4 a5 16. b5 Nd8 17.
a4 Nf7 18. Rg1 Kh8 19. g4 fxg4 20. Rxg4 Rg8 21. Bc2 Nf8 22. Qd3 Bd7 23. Be3 Rc8 24. Kf2 Qc7 25. Bb3 Qd8 26. Rc1 Rxc1 27. Bxc1 Qc7 28. Be3 Be8 29. Nh4 Bxh4+ 30. Rxh4 Qe7 31. Rg4 Nd8 32. Ng3 Qb4 33. Bd2 Qa3 34. Bxa5 Nf7 35. Bb6 Qc1 36. Bc2 Qb2 37. Bc5 g6 38. Bxf8 Ng5 39. Bxh6 Ne4+ 40. Nxe4 dxe4 41. Qxe4 1-0

[Event "*** Titled Tuesday Blitz"]
[Site "Chess.com"]
[Date "2020.11.10"]
[Round "1"]
[White "Zarikovs1999"]
[Black "sjam6687"]
[Result "0-1"]
[WhiteElo "2362"]
[BlackElo "2707"]
[TimeControl "180+1"]
[EndTime "10:06:19 PST"]
[Termination "sjam6687 won on time"]

1. e4 e5 2. Nf3 Nc6 3. Bb5 a6 4. Ba4 Nf6 5. O-O Be7 6. Re1 b5 7. Bb3 O-O 8. c3 d6 9. d4 Bg4 10. Be3 Na5 11. Bc2 exd4 12. cxd4 c5 13. h3 Bh5 14. Nbd2 cxd4 15. Bxd4 Rc8 16. Rc1 Nc4 17.
Nxc4 Rxc4 18. Bb3 Rxc1 19. Qxc1 Bxf3 20. gxf3 Nh5 21. f4 Bh4 22. Qe3 Re8 23. Qf3 g6 24.
Kh2 Bf6 25. e5 dxe5 26. Bxe5 Bxe5 27. fxe5 Qd7 28. e6 fxe6 29. Qg4 Qd6+ 30. Kh1 Nf4 31. Re4 Rf8 32. Bxe6+ Kg7 33. Bb3 Nd3 34. Qe6 Nxf2+ 35.
Kg1 Nxe4 36. Qxe4 Qg3+ 0-1

[Event "*** Titled Tuesday Blitz"]
[Site "Chess.com"]
[Date "2020.11.10"]
[Round "1"]
[White "03revilo"]
[Black "frederiksvane"]
[Result "0-1"]
[WhiteElo "2352"]
[BlackElo "2706"]
[TimeControl "180+1"]
[EndTime "10:06:19 PST"]
[Termination "frederiksvane won by checkmate"]

1. e4 c5 2. Nf3 g6 3. d4 cxd4 4.
Nxd4 Bg7 5. Nc3 Nc6 6. Be3 Nf6 7.
Bc4 O-O 8. Bb3 Re8 9. O-O d6 10. h3 Na5 11. Qd2 a6 12. Rae1 b5 13. Bh6 Bb7 14.
Bxg7 Kxg7 15. Nd5 Nxb3 16. axb3 Nxd5 17. exd5 Bxd5 18. f4 e6 19. f5 Qh4 20. fxe6 fxe6 21.
Rf4 Qe7 22. Ref1 Rf8 23. Rxf8 Rxf8 24. Re1 Qf6 25. Ne2 Qf2+ 26. Kh1 Qxg2# 0-1

[Event "*** Titled Tuesday Blitz"]
[Site "Chess.com"]
[Date "2020.11.10"]
[Round "1"]
[White "Sueetin"]
[Black "GelmanAlexander"]
[Result "0-1"]
[WhiteElo "2278"]
[BlackElo "2597"]
[TimeControl "180+1"]
[EndTime "10:06:20 PST"]
[Termination "GelmanAlexander won by resignation"]

1. c4 c5 2. g3 Nf6 3. Bg2 e6 4.
Nf3 a6 5. O-O Be7 6. Nc3 O-O 7.
d4 cxd4 8. Nxd4 d6 9. e4 Qc7 10.
b3 Nbd7 11. Be3 Ne5 12. h3 Bd7 13. Rc1 Rac8 14. Kh1 Qb8 15. Qd2 b5 16. cxb5 axb5 17. f4 Ng6 18. Qf2 b4 19. Nce2 Qa8 20. Rxc8 Rxc8 21. e5 Ne4 22. Qf3 d5 23. f5 Nxe5 24. Qh5 exf5 25. Nxf5 Bxf5 26. Qxf5 Bf6 27. Kh2 g6 28.
Qf4 Qxa2 29. Bxe4 dxe4 30. Qxf6 Qxe2+ 31. Kg1 Qxe3+ 0-1

[Event "*** Titled Tuesday Blitz"]
[Site "Chess.com"]
[Date "2020.11.10"]
[Round "1"]
[White "beto-betun"]
[Black "26andrej26"]
[Result "0-1"]
[WhiteElo "2195"]
[BlackElo "2546"]
[TimeControl "180+1"]
[EndTime "10:06:20 PST"]
[Termination "26andrej26 won by resignation"]

1. d4 Nf6 2. Nf3 g6 3. c4 Bg7 4. Nc3 O-O 5. e4 d6 6. Be2 c5 7. d5 e6 8. O-O exd5 9. exd5 Na6 10.
h3 Re8 11. Bf4 Ne4 12. Rc1 h6 13. Bd3 Nxc3 14. bxc3 Qf6 15. Bh2 Bd7 16. Qd2 Nc7 17.
Rfe1 b5 18. cxb5 Nxb5 19. c4 Nd4 20. Nxd4 Qxd4 21. Qc2 Rab8 22. Rb1 Rxe1+ 23. Rxe1 Rb2 0-1

[Event "*** Titled Tuesday Blitz"]
[Site "Chess.com"]
[Date "2020.11.10"]
[Round "1"]
[White "blitzking1729"]
[Black "zala02"]
[Result "1-0"]
[WhiteElo "2535"]
[BlackElo "2161"]
[TimeControl "180+1"]
[EndTime "10:06:20 PST"]
[Termination "blitzking1729 won by resignation"]

1. d4 Nf6 2. Bg5 d5 3. Nd2 c5 4. e3 Nc6 5. f3 e6 6. c3 cxd4 7. exd4 h6 8. Bh4 Be7 9. Bd3 O-O 10. Ne2 a6 11. O-O b5 12. a3 Rb8 13. f4 a5 14.
Bxf6 Bxf6 15. Nf3 b4 16. axb4 axb4 17. Ne5 Bb7 18. Bc2 Ne7 19. Qd3 g6 20. Ng3 Nf5 21. Nxf5 exf5 22. g4 Bc8 23. Nc6 Qc7 24. Nxb8 Qxb8 25.
gxf5 Bxf5 26. Qd2 Bxc2 27. Qxc2 bxc3 28. bxc3 Qc8 29. Qd3 Kg7 30. f5 Bg5 31. fxg6 fxg6 32. Rxf8 Kxf8 33. Rf1+ Kg7 34. Qf3 Qe8 35. Qxd5 Be3+ 36.
Kh1 h5 37. Qe5+ 1-0

[Event "*** Titled Tuesday Blitz"]
[Site "Chess.com"]
[Date "2020.11.10"]
[Round "1"]
[White "horripile"]
[Black "DrMamaliga"]
[Result "1-0"]
[WhiteElo "2667"]
[BlackElo "2335"]
[TimeControl "180+1"]
[EndTime "10:06:21 PST"]
[Termination "horripile won by checkmate"]

1. e4 e5 2. Nf3 Nc6 3. Bb5 a6 4. Ba4 d6 5. O-O Bd7 6. c3 Nge7 7. d4 Ng6 8. d5 Nb8 9. c4 Be7 10. Nc3 O-O 11. Bc2 a5 12. Be3 Na6 13. a3 f5 14.
exf5 Bxf5 15. Bxf5 Rxf5 16. Nd2 Bg5 17. Nde4 Bxe3 18.
fxe3 Qd7 19. b4 Rxf1+ 20. Qxf1 Rf8 21. Qb1 Qg4 22. bxa5 Nh4 23. Qc2 Rf5 24. Rf1 Nf3+ 25. Kh1 Nd4 26. Qb1 Rxf1+ 27. Qxf1 Nf5 28. Qd3 Nc5 29.
Nxc5 dxc5 30. h3 Qg3 31. Qxf5 Qe1+ 32. Kh2 Qxc3 33. Qc8+ Kf7 34. Qxc7+ Kg6 35. Qxc5 e4 36. Qd6+ Kh5 37. Qf4 g5 38. Qf7+ Kh6 39. Qe6+ Kh5 40.
Qxe4 Qxa5 41. d6 Qxa3 42. Qxh7# 1-0

[Event "*** Titled Tuesday Blitz"]
[Site "Chess.com"]
[Date "2020.11.10"]
[Round "1"]
[White "Triumphmate"]
[Black "Algeriano22"]
[Result "1-0"]
[WhiteElo "2375"]
[BlackElo "2690"]
[TimeControl "180+1"]
[EndTime "10:06:23 PST"]
[Termination "Triumphmate won on time"]

1. e4 e5 2. Nf3 Nc6 3. Nc3 Nf6 4. Bb5 Bb4 5. O-O O-O 6. d3 d6 7. Bg5 Bxc3 8. bxc3 Ne7 9. Bxf6 gxf6 10. Nh4 c6 11.
Bc4 d5 12. Bb3 Ng6 13. Qh5 Be6 14. Rae1 Kh8 15. g3 Rg8 16. Nf5 Qd7 17. Kh1 Ne7 18. Nxe7 Qxe7 19. f4 dxe4 20. Rxe4 Bd5 21. Bxd5 cxd5 22.
Re2 Rae8 23. fxe5 Rg5 24. Qf3 fxe5 25. Qxd5 f6 26. c4 Rg6 27. Rf5 Kg7 28. Qe4 Rd8 29. Ref2 Rd6 30. c5 Re6 31. Kg2 Qd7 32. h4 1-0

[Event "*** Titled Tuesday Blitz"]
[Site "Chess.com"]
[Date "2020.11.10"]
[Round "1"]
[White "indfraeng"]
[Black "seorobert1971"]
[Result "1-0"]
[WhiteElo "2371"]
[BlackElo "2687"]
[TimeControl "180+1"]
[EndTime "10:06:23 PST"]
[Termination "indfraeng won by resignation"]

1. d4 Nf6 2. c4 e6 3. g3 d5 4.
Bg2 Bb4+ 5. Bd2 Be7 6. Nf3 O-O 7.
O-O c6 8. Qc2 b6 9. a4 a5 10.
Na3 Ba6 11. cxd5 cxd5 12. Nb5 Nbd7 13. Rac1 Rc8 14. Qb3 Ne4 15. Bf4 Bxb5 16. Qxb5 Bd6 17. Rxc8 Qxc8 18. Rc1 Qd8 19. Bxd6 Nxd6 20. Qc6 Nc4 21. b3 Nb8 22. Qa8 Nd6 23. Ne5 g6 24. Qa7 Nf5 25. e3 Nd6 26. Bf1 f6 27. Nc6 Nxc6 28. Rxc6 Nc8 29. Qb7 Nd6 30. Qxb6 Qxb6 31.
Rxb6 Rd8 32. Ra6 Kf7 33. Ra7+ Kf8 34. Rxa5 Rb8 35. Bb5 Rc8 36. Ra6 Rc1+ 37. Kg2 Ne4 38. Rc6 Rb1 39. Bd3 Rxb3 40. Bxe4 dxe4 41. Rxe6 f5 42.
a5 Ra3 43. a6 Kf7 44. Rb6 h5 45. Rb7+ Kf6 46. Rb6+ Kf7 47. Kf1 Ra1+ 48. Ke2 Ra2+ 49. Ke1 Ra1+ 50. Kd2 Ra2+ 51. Kc3 Rxf2 52. Rb2 Rf1 53.
Kb3 Ra1 54. Ra2 Rb1+ 55. Kc4 Rb8 56. a7 1-0

[Event "*** Titled Tuesday Blitz"]
[Site "Chess.com"]
[Date "2020.11.10"]
[Round "1"]
[White "Blitzstream"]
[Black "mapleaff"]
[Result "1-0"]
[WhiteElo "2729"]
[BlackElo "2376"]
[TimeControl "180+1"]
[EndTime "10:06:24 PST"]
[Termination "Blitzstream won by resignation"]

1. d4 Nf6 2. Bg5 b6 3. Bxf6 gxf6 4. e4 Bb7 5. Nc3 h5 6. h4 e6 7. Be2 Bb4 8. Qd3 Ba6 9. Qe3 Qc8 10. O-O-O Bxe2 11. Ngxe2 Qa6 12. a3 Bxc3 13. Nxc3 Nc6 14.
d5 Ne5 15. Qf4 Ke7 16. Rd4 Rag8 17. g3 Rg4 18. Qe3 Qa5 19. f4 Ng6 20. Rhd1 Rd8 21. Qd3 e5 22. Ra4 Qc5 23. f5 Nf8 24. Rc4 Qd6 25.
Nb5 a6 26. Nxd6 cxd6 27. Rb4 b5 28. a4 bxa4 29. Rxa4 Rc8 30. Rxa6 1-0

[Event "*** Titled Tuesday Blitz"]
[Site "Chess.com"]
[Date "2020.11.10"]
[Round "1"]
[White "tylityli"]
[Black "Nikolaj_6"]
[Result "0-1"]
[WhiteElo "2258"]
[BlackElo "2576"]
[TimeControl "180+1"]
[EndTime "10:06:24 PST"]
[Termination "Nikolaj_6 won on time"]

1. d4 Nf6 2. c4 c5 3. d5 e6 4. Nc3 exd5 5. cxd5 d6 6. e4 g6 7. Nf3 a6 8. a4 Bg4 9. Be2 Bg7 10. O-O O-O 11. h3 Bxf3 12. Bxf3 Nbd7 13. Be2 Re8 14.
Qc2 Rc8 15. Bf4 Ne5 16. a5 c4 17. Ra4 Nfd7 18. Be3 Nc5 19. Ra3 Ned3 20. f3 f5 21. Bxd3 cxd3 22. Qd2 fxe4 23. Bxc5 dxc5 24. fxe4 c4 25.
Raa1 Qd6 26. Qf4 Qxf4 27. Rxf4 Be5 28. Rf3 Bxc3 29. bxc3 Rxe4 30. Rb1 Rc7 31. Kf1 Kg7 0-1

[Event "*** Titled Tuesday Blitz"]
[Site "Chess.com"]
[Date "2020.11.10"]
[Round "1"]
[White "Oneofmyturns"]
[Black "Loy_Konstantin"]
[Result "1-0"]
[WhiteElo "2736"]
[BlackElo "2380"]
[TimeControl "180+1"]
[EndTime "10:06:25 PST"]
[Termination "Oneofmyturns won on time"]

1. d4 Nf6 2. c4 c5 3. d5 b5 4.
cxb5 a6 5. bxa6 Bxa6 6. Nc3 g6 7.
g3 Bg7 8. Bg2 d6 9. Nf3 Nbd7 10.
Rb1 Qa5 11. O-O Nb6 12. Bd2 Nc4 13. Re1 Nd7 14. Qc2 O-O 15. Bg5 Nxb2 16. Ne4 f6 17.
Bd2 Qa3 18. Qxb2 Qxb2 19. Rxb2 f5 20. Nc3 Bc4 21. Rb7 Rfd8 22. e4 Ba6 23. Rc7 fxe4 24. Nxe4 Bc4 25. Bg5 Nf6 26. Nfd2 Bxa2 27. Rxe7 Nxe4 28.
Nxe4 Bxd5 29. Nf6+ Bxf6 30. Bxd5+ 1-0

[Event "*** Titled Tuesday Blitz"]
[Site "Chess.com"]
[Date "2020.11.10"]
[Round "1"]
[White "petrpalachev"]
[Black "AniJak"]
[Result "1-0"]
[WhiteElo "2728"]
[BlackElo "2374"]
[TimeControl "180+1"]
[EndTime "10:06:25 PST"]
[Termination "petrpalachev won by resignation"]

1. Nf3 d5 2. d4 Nf6 3. g3 Bf5 4. Bg2 e6 5. O-O Bd6 6. Nbd2 O-O 7. Nh4 Bg6 8. Nxg6 hxg6 9. e4 dxe4 10. Nxe4 Nxe4 11. Bxe4 c6 12. c3 Nd7 13. Re1 Nf6 14.
Bf3 Qc7 15. Bg5 Nd7 16. Qe2 Rfe8 17. Rad1 e5 18. dxe5 Nxe5 19. Bg2 Kf8 20. h4 f6 21.
Bf4 Nf7 22. Bxd6+ Nxd6 23. Qg4 Rxe1+ 24. Rxe1 Qf7 25. Qf4 Nb5 26. a4 Nc7 27. Qb4+ Kg8 28. Re7 Nd5 29. Rxf7 Nxb4 30. Rxb7 Nd3 31. Bxc6 Rd8 32.
Rxa7 Nxb2 33. a5 Rd1+ 34. Kg2 Rd2 35. Ra8+ Kh7 36. Bf3 Nd3 37. Kg1 Nxf2 38. Bg2 Nd1 39. Rc8 Ne3 40. Bb7 Rg2+ 41. Bxg2 1-0

[Event "*** Titled Tuesday Blitz"]
[Site "Chess.com"]
[Date "2020.11.10"]
[Round "1"]
[White "TorFredrikKaasen"]
[Black "dopolian"]
[Result "1-0"]
[WhiteElo "2719"]
[BlackElo "2371"]
[TimeControl "180+1"]
[EndTime "10:06:25 PST"]
[Termination "TorFredrikKaasen won on time"]

1. d4 Nf6 2. c4 e6 3. Nf3 d5 4. Nc3 Be7 5. Bf4 O-O 6. e3 c5 7.
dxc5 Bxc5 8. Qc2 Nc6 9. a3 Qa5 10. Rd1 Be7 11. Be2 dxc4 12. Bxc4 Rd8 13. O-O a6 14. Rxd8+ Qxd8 15. Rd1 Qa5 16. Ng5 h6 17. Nge4 b5 18. Be2 Bb7 19. Nxf6+ Bxf6 20. Rd7 Qb6 21. Ne4 Be5 22. Bh5 Rf8 23. Nd6 Bxd6 24. Bxd6 Rd8 25. Bxf7+ Kh8 26. Bxe6 Rxd7 27. Bxd7 Nd4 28.
Qg6 Ne2+ 29. Kf1 Bc6 30. Qe8+ 1-0

[Event "*** Titled Tuesday Blitz"]
[Site "Chess.com"]
[Date "2020.11.10"]
[Round "1"]
[White "sofaceindisguise"]
[Black "MariaFominykh"]
[Result "1-0"]
[WhiteElo "2671"]
[BlackElo "2339"]
[TimeControl "180+1"]
[EndTime "10:06:25 PST"]
[Termination "sofaceindisguise won by resignation"]

1. d4 d6 2. Nf3 Nf6 3. Nc3 g6 4. e4 Bg7 5. Be2 c6 6. O-O O-O 7. a4 Qc7 8. Re1 e5 9. dxe5 dxe5 10.
a5 Rd8 11. Bd2 Na6 12. Bxa6 bxa6 13. Qe2 Bg4 14. Be3 Rab8 15. b3 Bf8 16. h3 Bc8 17. Qc4 Be6 18. Qxa6 Bb4 19. Na4 Bxe1 20. Rxe1 Ra8 21.
Nc5 Bc8 22. Qc4 Ne8 23. b4 Nd6 24. Qb3 Nb5 25. c3 Kg7 26. Qc2 f6 27. a6 Qe7 28.
Nd2 Nc7 29. Ra1 Ne6 30. Ndb3 Nxc5 31. Nxc5 Be6 32. Kh2 Bc4 33. f3 Rd6 34. Qf2 Rad8 35.
Nb7 R8d7 36. Bc5 Bxa6 37. Nxd6 Rxd6 38. Rxa6 1-0

[Event "*** Titled Tuesday Blitz"]
[Site "Chess.com"]
[Date "2020.11.10"]
[Round "1"]
[White "Sibelephant"]
[Black "Lenyas66"]
[Result "1-0"]
[WhiteElo "3090"]
[BlackElo "2472"]
[TimeControl "180+1"]
[EndTime "10:06:27 PST"]
[Termination "Sibelephant won by resignation"]

1. d4 e6 2. c4 Bb4+ 3. Bd2 a5 4. g3 d5 5. Qc2 Nc6 6. Nf3 dxc4 7. Qxc4 Qd5 8.
Qxd5 exd5 9. Bg2 Bg4 10. e3 Nge7 11. O-O Bd6 12. Nc3 Na7 13. Rac1 c6 14. e4 O-O 15. Rfe1 h6 16. exd5 Nxd5 17. Nxd5 cxd5 18. Ne5 Bxe5 19. Rxe5 Nc6 20. Rxd5 Be6 21. Rd6 Bxa2 22. d5 Nd4 23. Re1 Bc4 24. Rd7 b6 25. Re4 Bb5 26. Rb7 Ne2+ 27.
Kh1 Rab8 28. Rxb8 Rxb8 29. Bf3 f5 30. Bxe2 fxe4 31. Bxb5 g5 32. d6 Kf7 33. Bc3 Ke6 34.
d7 Rf8 35. Bd4 Kd6 36. Bxb6 1-0

[Event "*** Titled Tuesday Blitz"]
[Site "Chess.com"]
[Date "2020.11.10"]
[Round "1"]
[White "Iskusnyh"]
[Black "Chess2019Player"]
[Result "1-0"]
[WhiteElo "2570"]
[BlackElo "2243"]
[TimeControl "180+1"]
[EndTime "10:06:27 PST"]
[Termination "Iskusnyh won on time"]

1. d4 Nf6 2. c4 c5 3. d5 e6 4. Nc3 exd5 5. cxd5 d6 6. Nf3 g6 7. Nd2 Bg7 8. e4 O-O 9. Be2 Re8 10. O-O b6 11. f3 Ba6 12. Nc4 Bxc4 13. Bxc4 Nbd7 14. a4 Ne5 15. Bb5 Re7 16. f4 Ned7 17. Qf3 Ne8 18. Bd2 Nc7 19. Bc6 Rb8 20. e5 Ne8 21. e6 Ndf6 22.
f5 h6 23. exf7+ Rxf7 24. fxg6 Rf8 25. Rae1 Nd7 26. Qf7+ Kh8 27. Qxd7 Bd4+ 28. Kh1 Rxf1+ 29. Rxf1 Qxd7 30. Bxd7 Nf6 31. Be6 Kg7 32. Nb5 Be5 33. Bf7 Rd8 34. Nc7 1-0

[Event "*** Titled Tuesday Blitz"]
[Site "Chess.com"]
[Date "2020.11.10"]
[Round "1"]
[White "Guenplen"]
[Black "SharapovEvgeny"]
[Result "1/2-1/2"]
[WhiteElo "2884"]
[BlackElo "2457"]
[TimeControl "180+1"]
[EndTime "10:06:28 PST"]
[Termination "Game drawn by repetition"]

1. d4 d5 2. Bf4 c6 3. e3 Nf6 4. c4 g6 5. Nc3 Bg7 6. h3 O-O 7.
Nf3 Bf5 8. Qb3 Qb6 9. c5 Qxb3 10. axb3 a6 11. b4 Nbd7 12. Be2 Ne4 13. g4 Nxc3 14. bxc3 Be4 15. O-O Bxf3 16. Bxf3 e5 17. Bh2 Rae8 18.
Bg2 f5 19. g5 f4 20. h4 Rf7 21. Bh3 f3 22. Bg3 e4 23. Kh2 h6 24. gxh6 Bxh6 25. Rg1 Kh7 26. Bd6 Nf6 27. Be5 Nh5 28. Bg4 Bg7 29.
Bd6 Bf8 30. Bxf8 Rexf8 31. Bxh5 gxh5 32. Rg5 Rf5 33. Rag1 Rxg5 34. Rxg5 Kh6 35. Kg3 Rf6 36. Rg8 Rf7 37. Kh3 Kh7 38. Rg5 Kh6 39. Rg8 Kh7 40.
Rg1 Kh6 41. Rg3 Rf6 42. Rg8 Rf7 43. Rh8+ Kg6 44. Rg8+ Kh7 1/2-1/2

[Event "*** Titled Tuesday Blitz"]
[Site "Chess.com"]
[Date "2020.11.10"]
[Round "1"]
[White "Leo_C"]
[Black "NikolaGry"]
[Result "0-1"]
[WhiteElo "2306"]
[BlackElo "2627"]
[TimeControl "180+1"]
[EndTime "10:06:28 PST"]
[Termination "NikolaGry won by resignation"]

1. d4 d5 2. c4 Nc6 3. Nc3 dxc4 4. Nf3 Nf6 5. Bg5 h6 6. Bxf6 exf6 7. e3 Na5 8. Qa4+ c6 9. b4 cxb3 10. axb3 Be6 11.
Nd2 Qb6 12. Qxa5 Qxa5 13. Rxa5 Bb4 14. Rc5 Bxc5 15. dxc5 O-O-O 16. Bc4 b5 17. Bxe6+ fxe6 18. Nde4 Rd3 19. Ke2 Rhd8 20. Rc1 b4 21. Nd6+ R8xd6 22. cxd6 Rxc3 23. Ra1 Kd7 24. Rxa7+ Kxd6 25. Rxg7 Rxb3 26.
Rg6 c5 27. Rxh6 c4 28. Rh4 Rb2+ 29. Kf3 c3 30. Rc4 c2 31. h4 b3 32. h5 Rb1 33. h6 c1=Q 34. h7 Qh1 0-1

[Event "*** Titled Tuesday Blitz"]
[Site "Chess.com"]
[Date "2020.11.10"]
[Round "1"]
[White "nakajo"]
[Black "Oleksandr_Bortnyk"]
[Result "0-1"]
[WhiteElo "2457"]
[BlackElo "2912"]
[TimeControl "180+1"]
[EndTime "10:06:30 PST"]
[Termination "Oleksandr_Bortnyk won by resignation"]

1. Nf3 Nf6 2. c4 d6 3. g3 e5 4. Bg2 Be7 5. O-O O-O 6. d4 Nc6 7. Nc3 Bg4 8. d5 Na5 9. b3 c6 10. Bb2 Rc8 11. e4 Qb6 12. Re1 cxd5 13. Nxd5 Nxd5 14.
cxd5 Bg5 15. Qd3 Bxf3 16. Bxf3 Rc7 17. h4 Bh6 18. Bg4 Nc4 19. Bc1 Bxc1 20. Raxc1 Na3 21. Qd2 Nb5 22. Rxc7 Qxc7 23. Rc1 Qe7 24. Kg2 g6 25. Qb4 Nd4 26. Qc3 f5 27. exf5 gxf5 28. Bh5 f4 29.
Qc7 Qf6 30. g4 Qxh4 31. Rh1 f3+ 32. Kg1 Ne2+ 0-1